 Dungeon Crawl Stone Soup version 0.20-a0-792-g09bcfd3 (webtiles) character file.

56 4thArraOfDagon the Slasher (level 3, -4/29 HPs)
             Began as a Mummy Chaos Knight on Feb 28, 2017.
             Slain by an orc
             ... wielding a +0 flail
              (6 damage)
             ... on level 3 of the Dungeon.
             The game lasted 00:02:30 (650 turns).

4thArraOfDagon the Slasher (Mummy Chaos Knight)      Turns: 650, Time: 00:02:31

Health: -4/29      AC:  8    Str: 15    XL:     3   Next: 71%
Magic:  3/3        EV:  6    Int: 12    God:    Xom [...*..]
Gold:   69         SH:  0    Dex: 11    Spells: 2/2 levels left

rFire    x . .     SeeInvis .   a - +0 falchion (chaos)
rCold    + . .     Gourm    .   f - +0 chain mail
rNeg     + + +     Faith    .   (no shield)
rPois    ∞         Spirit   .   (no helmet)
rElec    .         Reflect  .   (no cloak)
rCorr    .         Harm     .   (no gloves)
MR       .....                  (no boots)
Stlth    ..........             (no amulet)
Regen    0.1/turn               (no ring)
MPRegen  0.1/turn               (no ring)

@: no status effects
A: no food or potions, fire vulnerability, cold resistance 1, negative energy
resistance 3, torment resistance, unbreathing
a: Renounce Religion


You were on level 3 of the Dungeon.
You worshipped Xom.
You were a favourite toy of Xom.
You were not hungry.

You visited 1 branch of the dungeon, and saw 3 of its levels.

You collected 69 gold pieces.

Inventory:

Hand Weapons
 a - a +0 falchion of chaos (weapon)
Armour
 b - a +2 leather armour
 f - a +0 chain mail (worn)
Scrolls
 c - 2 scrolls of enchant armour {unknown}
 d - 2 scrolls of random uselessness {unknown}
 e - a scroll of amnesia {unknown}
 g - a scroll of enchant weapon {unknown}


   Skills:
 - Level 3.0 Fighting
 * Level 3.2 Long Blades
 + Level 2.1 Armour
 - Level 1.4 Dodging


You had 2 spell levels left.
You didn't know any spells.

Dungeon Overview and Level Annotations

Branches:
Dungeon (3/15)

Altars:


Innate Abilities, Weirdness & Mutations

You do not eat or drink.
Your flesh is vulnerable to fire.
You are immune to poison.
Your flesh is cold resistant. (rC+)
You are immune to negative energy. (rN+++)
You are immune to unholy pain and torment.
You can survive without breathing.


Message History

A hobgoblin comes into view. It is wielding a club.
The hobgoblin shouts!
You see here an orc corpse.
Unknown command.
Unknown command.
You hit the orc but do no damage. You drain the orc!
The orc is moderately wounded.
The orc hits you with a flail.
* * * LOW HITPOINT WARNING * * *
Unknown command.
Unknown command.
You see here a dart slug corpse.
Unknown command.
Unknown command.
You see here a ring mail.
You see here a grey potion.
You closely miss the orc.
The orc is moderately wounded.
The orc hits you with a flail.
You die...

.....#........#......
..............#.#.....!
.[..##.................
..(.##.......<..# #.#
....##........### #..#
..###...#..#.<.###..#
...##........#.....#
.#...)..#..####..###
.####=.†#..# #..@#### # .#
#.(....##..#.og.#######.#
.####..(##....#####[##......#
.......##...## #.##.....#
......#....## #.g......###
).......##.# ####g.......
........## #....###.
.....##... #g...# .#..## ###.
#[...#


You could see an orc and a hobgoblin.

Vanquished Creatures
  A worker ant (D:3)
  A worm (D:2)
  2 dart slugs
  2 leopard geckos (D:2)
  An orc (D:3)
  A giant cockroach (D:2)
  2 goblins
  A goblin (shapeshifter) (D:1)
  2 hobgoblins (D:3)
  A quokka (D:3)
  4 bats
  2 kobolds (D:1)
  A rat (D:3)
21 creatures vanquished.

Notes
Turn   | Place    | Note
-------+----------+-------------------------------------------
     0 | D:1      | 4thArraOfDagon the Mummy Chaos Knight began the quest for the Orb.
     0 | D:1      | Reached XP level 1. HP: 18/18 MP: 1/1
   153 | D:1      | XOM: harmless Tmut miscast
   249 | D:1      | XOM: cloud trail
   255 | D:1      | XOM: harmless Chrm miscast
   298 | D:1      | Reached skill level 1 in Dodging
   334 | D:1      | XOM: silly message
   365 | D:2      | Reached XP level 2. HP: 24/24 MP: 2/2
   450 | D:1      | XOM: harmless Conj miscast
   536 | D:3      | XOM: confuse monster(s)
   556 | D:3      | XOM: enchant monster (good)
   564 | D:3      | XOM: smoke on damage
   568 | D:3      | Reached XP level 3. HP: 10/29 MP: 3/3
   643 | D:3      | HP: 1/29 [orc/flail (5)]
   650 | D:3      | Slain by an orc

Vault maps used:
D:1:      onia_arrival_mini_maze_b, patterned_corridor
D:2:      first_bread
D:3:      dancing_weapons_uskayaw

Skill      XL: |  1  2 |
---------------+-------+-----
Dodging        | 1 |  1.4
Armour         | 2 |  2.1
Long Blades    | 3 |  3.2
Fighting       | |  3.0

Action                   || total
-------------------------++-------
Melee: Falchion          ||    79
 Stab: Confused          ||     1
Armor: Leather armour    ||     8
       Chain mail        ||    51
Dodge: Dodged            ||    32
       Rpst.: Falchion   ||     8
